 Dungeon Crawl Stone Soup version 0.22.1 (webtiles) character file.

1367 robertstho the Cleaver (level 8, -2/72 HPs)
             Began as a Tengu Berserker on Sept 18, 2018.
             Was an Elder of Trog.
             Killed by nerve-wracking pain
             ... invoked by an orc priest
              (4 damage)
             ... on level 7 of the Dungeon.
             The game lasted 00:08:39 (4673 turns).

robertstho the Cleaver (Tengu Berserker)            Turns: 4673, Time: 00:08:40

Health: -2/72      AC: 12    Str: 24    XL:     8   Next: 65%
Magic:  9/9        EV: 25    Int:  9    God:    Trog [****..]
Gold:   473        SH:  0    Dex: 13    Spells: 7/7 levels left

rFire    . . .     SeeInvis .   a - +0 hand axe
rCold    . . .     Gourm    .   (no shield)
rNeg     . . .     Faith    .   o - +0 chain mail
rPois    +         Spirit   .   (helmet restricted)
rElec    .         Reflect  .   k - +2 cloak
rCorr    .         Harm     .   l - +2 pair of gloves
MR       .....                  (boots unavailable)
Stlth    ..........             r - amulet of the acrobat
HPRegen  0.22/turn              y - ring of poison resistance
MPRegen  0.11/turn              (no ring)

@: berserking, corroded, very quick
A: beak, talons 3, able to fly 1
a: Fly, Berserk, Trog's Hand, Brothers in Arms, Renounce Religion


You were on level 7 of the Dungeon.
You worshipped Trog.
Trog was greatly pleased with you.
You were very hungry.

You visited 1 branch of the dungeon, and saw 7 of its levels.

You collected 473 gold pieces.

Inventory:

Hand Weapons
 a - a +0 hand axe (weapon)
 n - a +0 flail
Armour
 k - a +2 cloak (worn)
 l - a +2 pair of gloves (worn)
 o - a +0 chain mail (worn)
Jewellery
 r - an amulet of the acrobat (around neck)
 y - a ring of poison resistance (left hand)
 E - an uncursed ring of flight {unknown}
Wands
 v - a wand of disintegration (8)
Scrolls
 b - a scroll of fog
 e - 6 scrolls of remove curse {unknown}
 h - a scroll of enchant weapon {unknown}
 m - a scroll of fear {unknown}
 p - a scroll of teleportation
 t - 2 scrolls of immolation {unknown}
 u - a scroll of noise {unknown}
 x - a scroll of amnesia {unknown}
 z - 4 scrolls of identify
 A - 2 scrolls of magic mapping {unknown}
 D - a scroll of blinking
Potions
 d - 3 potions of curing
 f - a potion of cancellation
 g - 2 potions of magic {unknown}
 i - a potion of agility {unknown}
 q - 3 potions of heal wounds {unknown}
 s - 2 potions of lignification {unknown}
 w - a potion of degeneration {unknown}
 B - a potion of brilliance {unknown}
 C - a potion of might {unknown}
 F - a potion of resistance {unknown}
Comestibles
 c - 17 rations


   Skills:
 + Level 4.3 Fighting
 * Level 9.3 Axes
 * Level 6.1 Armour
 + Level 3.2 Dodging


You had 7 spell levels left.
You didn't know any spells.
Your spell library was empty.

Dungeon Overview and Level Annotations

Branches:
Dungeon (7/15)             Temple (0/1) D:6

Altars:
Cheibriados
Dithmenos
Kikubaaqudgha
Ru
Sif Muna
Wu Jian

Shops:
D:5 (


Innate Abilities, Weirdness & Mutations

You have a beak for a mouth.
You have claws for feet.
You can fly.


Message History

* * * LOW HITPOINT WARNING * * *
The hippogriff pecks you but does no damage.
The hippogriff claws you but does no damage.
You hit the hippogriff. You claw the hippogriff.
The hippogriff is almost dead.
You closely miss the hippogriff.
The hippogriff is almost dead.
The hippogriff bites you but does no damage.
The hippogriff closely misses you. x2
The orc priest calls down the wrath of Beogh upon you.
Beogh smites you!
* * * LOW HITPOINT WARNING * * *
You hit the hippogriff. You claw the hippogriff.
You feel the power of Trog in you as your rage grows.
You kill the hippogriff!
Trog accepts your kill.
Your Axes skill increases to level 9!
Your Armour skill increases to level 6!
The orc priest mumbles some strange prayers to Beogh against you.
Pain shoots through your body!
You die...

...
.##########...
...#.........
#####.#.#.....
.............
##.........#
........)).#
#.....)<.#
#...o@)#.#
#........#
#............
#.....#######
.......#
..##...)# .
#..... ......


You could see an orc priest.

Vanquished Creatures
  A hippogriff (D:7)
  An ice beast (D:6)
  2 sky beasts (D:5)
  An ogre (D:4)
  A bullfrog (D:5)
  6 orc wizards
  3 hounds
  4 orc priests
  2 jellies
  An iguana (D:6)
  2 worker ants (D:4)
  A worker ant zombie (D:6)
  4 gnolls (D:2)
  7 adders
  A shadow imp (D:6)
  An ooze (D:1)
  An adder skeleton (D:4)
  3 worms (D:2)
  2 dart slugs
  2 leopard geckos
  23 orcs
  4 bats
  2 giant cockroaches
  11 goblins
  8 hobgoblins
  8 jackals
  8 kobolds
  3 quokkas
  2 ball pythons
  A ball python skeleton (D:4)
  2 frilled lizards (D:1)
  A leopard gecko skeleton (D:5)
  A leopard gecko zombie (D:6)
  9 rats
129 creatures vanquished.

Notes
Turn   | Place    | Note
-------+----------+-------------------------------------------
     0 | D:1      | robertstho the Tengu Berserker began the quest for the Orb.
     0 | D:1      | Reached XP level 1. HP: 14/14 MP: 2/2
   325 | D:1      | Reached XP level 2. HP: 14/19 MP: 3/3
   617 | D:1      | Reached XP level 3. HP: 22/23 MP: 4/4
   688 | D:1      | Reached ** piety under Trog
   700 | D:1      | Reached skill level 4 in Axes
  1009 | D:2      | Reached XP level 4. HP: 29/29 MP: 5/5
  1172 | D:2      | Found an ancient bone altar of Kikubaaqudgha.
  1209 | D:2      | HP: 1/29 [gnoll/flail (6)]
  1211 | D:2      | Reached skill level 5 in Axes
  1211 | D:2      | Gained mutation: You can fly. [Tengu growth]
  1211 | D:2      | Reached XP level 5. HP: 1/33 MP: 6/6
  1940 | D:3      | Reached *** piety under Trog
  2030 | D:3      | You fall through a shaft for 3 floors!
  2038 | D:6      | Reached skill level 6 in Axes
  2038 | D:6      | Reached XP level 6. HP: 18/38 MP: 7/7
  2480 | D:6      | Found a snail-covered altar of Cheibriados.
  2643 | D:6      | Found a staircase to the Ecumenical Temple.
  2718 | D:6      | Noticed an ice beast
  2728 | D:6      | Killed an ice beast
  2951 | D:5      | Entered Level 5 of the Dungeon
  2971 | D:5      | Reached XP level 7. HP: 36/42 MP: 8/8
  2990 | D:5      | Reached skill level 7 in Axes
  3139 | D:5      | Found Zulayg's Antique Weapon Shoppe.
  3319 | D:5      | Found a sand-covered staircase.
  3366 | D:5      | Found a shadowy altar of Dithmenos.
  3475 | D:5      | Reached skill level 5 in Armour
  3736 | D:4      | Found a sacrificial altar of Ru.
  3765 | D:4      | Reached **** piety under Trog
  3909 | D:4      | Reached skill level 8 in Axes
  3909 | D:4      | Reached XP level 8. HP: 48/48 MP: 9/9
  4453 | D:3      | Found an ornate altar of the Wu Jian Council.
  4536 | D:3      | Found a deep blue altar of Sif Muna.
  4656 | D:7      | Noticed a hippogriff
  4671 | D:7      | HP: 2/72 [orc priest/divine providence (11)]
  4672 | D:7      | Killed a hippogriff
  4672 | D:7      | Reached skill level 9 in Axes
  4673 | D:7      | Killed from afar by an orc priest

Skill      XL: |  1  2  3  4  5  6  7  8 |
---------------+-------------------------+-----
Axes           | 4 5 6 8 9 |  9.3
Armour         | 3 4 5 6 |  6.1
Fighting       | 4 |  4.3
Dodging        | 3 |  3.2

Action                   |  1- 3 |  4- 6 |  7- 9 || total
-------------------------+-------+-------+-------++-------
Melee: Hand axe          |    79 |   139 |   147 ||   365
       Kick              |    18 |    46 |    37 ||   101
       Peck              |    11 |    24 |    18 ||    53
Invok: Berserk           |     2 |     2 |     1 ||     5
 Abil: Fly               |       |     1 |       ||     1
  Use: Scroll            |     4 |     8 |       ||    12
  Eat: Chunk             |     2 |     7 |     6 ||    15
Armor: Animal skin       |     2 |       |       ||     2
       Ring mail         |    24 |     8 |       ||    32
       Chain mail        |       |    67 |    80 ||   147
Dodge: Dodged            |    43 |    45 |    60 ||   148
